Map: Whispers of Gold

Players

LiquidClem (Clem) - Winner!

  • Race: Terran Terran
  • League: Grandmaster
  • Spawn Location: 9:00

Reynor

  • Race: Zerg Zerg
  • Spawn Location: 5:00

Event: HomeStory Cup XXVI

VOD

Have the link to the VOD?

Description

Time

  • Played on: Nov. 30, 2024, 11:39 a.m.
  • Length: 5:56

All games in this series

Show
View Real Time Build Order
Export as new Build Order

LiquidClem Terran - Winner!

Build Orders: Reaper Expand 

Get SALT Encoding   

  12  0:00  SCV  
  13  0:12  SCV  
  14  0:18  Supply Depot  
  14  0:24  SCV  
  15  0:39  SCV  
  15  0:41  Barracks  
  16  0:45  Refinery  
  16  0:51  SCV  
  17  1:03  SCV  
  18  1:16  SCV  
  19  1:28  Reaper  
  19  1:29  Orbital Command  
  20  1:42  Command Center  
  20  1:50  Supply Depot  
  20  1:56  SCV  
  20  2:00  Marine  
  22  2:08  SCV  
  22  2:11  Factory  
  23  2:18  Marine  
  23  2:20  SCV  
  25  2:27  Bunker  
  25  2:33  SCV  
  25  2:38  Barracks Reactor  
  25  2:45  SCV  
  25  2:47  Barracks  
  26  2:54  Orbital Command  
  26  2:55  Factory Tech Lab  
  26  2:58  SCV  
  27  3:10  Bunker  
  27  3:13  Cyclone  
  27  3:18  Marine  
  29  3:22  SCV  
  30  3:34  Marine x2  
  30  3:37  Supply Depot  
  30  3:38  Marine  
  33  3:42  Orbital Command  
  33  3:53  Supply Depot  
  33  3:59  Marine  
  34  4:03  Marine  
  34  4:07  SCV x2  
  37  4:12  Supply Depot  
  37  4:13  Cyclone  
  37  4:16  Marine  
  41  4:21  SCV, Marine  
  41  4:22  SCV  
  43  4:28  Barracks  
  42  4:34  SCV x2  
  41  4:39  Marine x2  
  41  4:46  SCV x2  
  41  4:49  Siege Tank  
  45  4:57  Marine  
  45  4:58  SCV x2, Marine  
  49  5:09  Supply Depot  
  49  5:10  SCV x2  
  51  5:15  Marine x2  
  51  5:16  Marine  
  51  5:19  Bunker  
  54  5:22  SCV x2  
  56  5:32  Marine  
  56  5:33  Marine  
  56  5:34  SCV x2, Refinery  
  60  5:38  Marine  
  60  5:42  Supply Depot  
Show
View Real Time Build Order
Export as new Build Order

Reynor Zerg 

Build Orders: Hatch First, Ravager All-In 

Get SALT Encoding   

  12  0:00  Drone  
  13  0:08  Drone  
  14  0:15  Extractor  
  14  0:16  Drone  
  15  0:43  Hatchery  
  15  0:44  Overlord  
  14  1:00  Spawning Pool  
  13  1:05  Drone  
  13  1:08  Drone  
  15  1:12  Drone  
  15  1:16  Drone  
  17  1:26  Drone  
  17  1:27  Extractor  
  17  1:37  Drone  
  18  1:48  Roach Warren, Queen  
  18  1:51  Extractor  
  18  1:55  Drone  
  19  2:09  Queen  
  21  2:17  Overlord  
  21  2:29  Roach x2  
  25  2:36  Roach  
  27  2:42  Roach  
  29  2:46  Drone  
  30  2:51  Ravager  
  30  2:57  Ravager  
  32  2:59  Drone  
  32  3:05  Overlord  
  33  3:15  Ravager  
  33  3:17  Drone x2  
  36  3:25  Drone x2  
  38  3:33  Ravager  
  39  3:45  Hatchery  
  35  4:04  Roach x2  
  35  4:05  Roach  
  35  4:06  Metabolic Boost  
  38  4:13  Overlord  
  38  4:23  Overlord  
  38  4:34  Ravager  
  37  4:39  Ravager  
  37  4:42  Overlord  
  37  4:43  Zergling x2  
  37  4:44  Zergling x6  
  42  4:50  Zergling x2  
  42  4:51  Zergling x2  
  44  4:58  Zergling x6  
  44  5:02  Roach  
  46  5:08  Roach  
  46  5:10  Zergling x2  
  49  5:16  Zergling x2  
  49  5:17  Zergling x2  
  51  5:22  Ravager  
  51  5:24  Roach  
  54  5:29  Ravager  
  54  5:30  Zergling x2  
  56  5:38  Zergling x4  
Tags
 
Add a new tag
Caveats
  • Supply blocks, unpowered buildings, or Contaminate may cause inaccurate times.
  • Supply counts are checked every 10 seconds.